Match 46839915
Unlisted

Match 46839915
End
Construct Infanterie Kompanie
Grenadier Squad
MG 42 Machine Gun Team
Selects Mechanized Battlegroup
Grenadier Squad
Construct Panzergrenadier Kompanie
Panzergrenadier Squad
Pak 40 Anti-tank Gun Team
MG 42 Machine Gun Team
Support Elements
251 Medium Carrier
Anhangá
BUNGA BUNGA
Herr Blautier
EPHX_Valkyrion
0
0

Comments sign in to comment!

No comments posted yet!